 Dungeon Crawl Stone Soup version 0.22-a0-247-gbddf880 (webtiles) character file.

42 b5mith the Skirmisher (level 3, -5/43 HPs)
             Began as a Human Berserker on Feb 23, 2018.
             Was a Follower of Trog.
             Slain by a gnoll
             ... wielding a +0 club
              (7 damage)
             ... on level 1 of the Dungeon.
             The game lasted 00:01:56 (810 turns).

b5mith the Skirmisher (Human Berserker)              Turns: 810, Time: 00:01:57

Health: -5/43      AC:  9    Str: 23    XL:     3   Next: 77%
Magic:  3/3        EV: 12    Int:  7    God:    Trog [*.....]
Gold:   62         SH:  0    Dex: 12    Spells: 2/2 levels left

rFire    . . .     SeeInvis .   a - +0 spear
rCold    . . .     Gourm    .   (no shield)
rNeg     . . .     Faith    .   g - +3 ring mail
rPois    .         Spirit   .   i - +0 helmet
rElec    .         Reflect  .   (no cloak)
rCorr    .         Harm     .   (no gloves)
MR       .....                  (no boots)
Stlth    ..........             (no amulet)
HPRegen  0.14/turn              (no ring)
MPRegen  0.08/turn              (no ring)

@: berserking, very quick
A: no striking features
a: Berserk, Renounce Religion


You were on level 1 of the Dungeon.
You worshipped Trog.
Trog was aware of your devotion.
You were hungry.

You visited 1 branch of the dungeon, and saw 2 of its levels.

You collected 62 gold pieces.

Inventory:

Hand Weapons
 a - a +0 spear (weapon)
Armour
 b - a +0 animal skin
 g - a +3 ring mail (worn)
 i - a +0 helmet (worn)
Scrolls
 d - a scroll of enchant weapon {unknown}
 e - 2 scrolls of remove curse {unknown}
 h - a scroll of identify {unknown}
 k - a scroll of amnesia {unknown}
Potions
 j - a potion of might {unknown}
Comestibles
 c - 4 rations


   Skills:
 + Level 3.4 Fighting
 + Level 3.3 Polearms
 + Level 2.5 Armour
 + Level 2.5 Dodging


You had 2 spell levels left.
You didn't know any spells.

Dungeon Overview and Level Annotations

Branches:
Dungeon (2/15)

Altars:

Annotations:
D:2 Terence


Message History

The gnoll hits you with a halberd! The gnoll hits you with a club.
* * * LOW HITPOINT WARNING * * *
The gnoll closely misses you.
There is a stone staircase leading up here.
The gnoll hits you but does no damage. x2; The gnoll hits you with a club!
* * * LOW HITPOINT WARNING * * *
You climb upwards.
There is a stone staircase leading down here.
A red film seems to cover your vision as you go berserk!
You feel yourself moving faster!
You feel mighty!
You are feeling hungry.
The gnoll hits you with a club!
* * * LOW HITPOINT WARNING * * *
The gnoll barely misses you.
You hit the gnoll.
The gnoll is lightly wounded.
You hit the gnoll.
The gnoll is heavily wounded.
The gnoll hits you with a club!
You die...

###.# #.......# #.#
##...## #.......# #.#
#.....####.......#
#.#
#.....##.........#
#####.#
#.....##.###...###
#.....#
##...###.#######
#.#####
###........#######
#.#
#.....#.gg.......#
#.#
####.###....@)...##.#
#.#####


#PPPPPPPPPPPPPPP..#.###...... #####PPPPPPPPPPPPPPP.........####
.....PPPPP.....PPPPP.##.####)#### #####PPP..PPPPP..PPP....# #.##.. #
#PP.PPP...PPP.PP.#### #.##.# #PP.PP.PPP.PP.PP.## #.##.# #P.PP.PP.PP.PP.P..#
#..... #####P.P.PP.P.PP.P.P..# ####.. You could see 2 gnolls.

Vanquished Creatures
  2 gnolls (D:1)
  A dart slug (D:1)
  A leopard gecko (D:1)
  A ball python (D:1)
  2 giant cockroaches (D:1)
  A goblin (D:1)
  4 hobgoblins (D:1)
  2 kobolds (D:1)
  A bat (D:1)
  2 frilled lizards (D:1)
  2 rats (D:1)
19 creatures vanquished.

Notes
Turn   | Place    | Note
-------+----------+-------------------------------------------
     0 | D:1      | b5mith the Human Berserker began the quest for the Orb.
     0 | D:1      | Reached XP level 1. HP: 18/18 MP: 1/1
   133 | D:1      | Reached XP level 2. HP: 22/24 MP: 2/2
   379 | D:1      | Reached XP level 3. HP: 29/29 MP: 3/3
   797 | D:2      | Noticed Terence
   808 | D:1      | HP: 2/43 [gnoll/club (9)]
   810 | D:1      | Slain by a gnoll

Vault maps used:
D:1:      roderic_crop_circles_arrival_small
D:2:      chequers_ecumenical_altar_island, st_stairs_2, uniq_terence,
          uniq_robin

Action                   || total
-------------------------++-------
Melee: Spear             ||    63
Invok: Berserk           ||     1
Armor: Animal skin       ||     1
       Ring mail         ||     6
Dodge: Dodged            ||    21

Table legend:
 A = Spawn XP
 B = Non-spawn XP
 C = Spawn XP percentage of total XP
 D = Spawn monster count
 E = Non-spawn monster count
 F = Spawn count percentage of total count
 G = Total turns spent on level
                    A         B        C        D         E        F      G
               +---------+---------+-------+---------+---------+-------+---------
         Total |       0 |      60 |   0.0 |       0 |      19 |   0.0 |   810
               +---------+---------+-------+---------+---------+-------+---------
           D:1 |       0 |      60 |   0.0 |       0 |      19 |   0.0 |   806
               +---------+---------+-------+---------+---------+-------+---------
